AoeStats
← john3206

Lombardia

509802263Analyzed
3v3 RM · 22d ago on Sep 28, 2026· 86m 58s· 6 players
Game mode
Random Map
Map size
Normal (6 player)
Population
200
Speed
Normal
Resources
Standard
Victory
Conquest
Starting age
Dark Age
Ending age
Imperial Age
RankedLock teamsTeams togetherTeam positionsShared explorationLock speedFull tech treeHidden civsTurbo modeCheats
Victory
Defeat
🇺🇸 Vietnamese · United States
1153
+14
🇺🇸 Hindustanis · United States
1120
+15
🇺🇸 Poles · United States
1108
+15
vs
🇺🇾 Jurchens · Uruguay
1220
-20
🇨🇱 Saracens · Chile
1109
-15
959
-9
SerrisKb
7:08 Loom
9:46 Feudal Age
10:34 Double-Bit Axe
12:11 Horse Collar
17:19 Castle Age
15:59 Gold Mining
17:18 Padded Archer Armor
18:52 Bow Saw
21:02 Town Watch
30:23 Fletching
31:02 Siege Engineers
32:16 Bodkin Arrow
33:31 Squires
33:17 Gambesons
35:00 Wheelbarrow
34:16 Arson
34:34 Scale Mail Armor
34:44 Forging
39:33 Imperial Age
38:52 Heavy Plow
39:10 Hand Cart
39:46 Chain Mail Armor
40:06 Iron Casting
39:48 Pikeman
41:39 Conscription
42:05 Crop Rotation
43:10 Heavy Rocket Cart
45:18 Halberdier
47:15 Scale Barding Armor
47:52 Gold Shaft Mining
48:21 Blast Furnace
48:49 Chain Barding Armor
48:31 Elite Iron Pagoda
49:15 Stone Mining
51:38 Plate Barding Armor
56:16 Bracer
57:39 Husbandry
57:49 Bloodlines
59:01 Light Cavalry
60:48 Chemistry
60:09 Ballistics
59:54 Caravan
59:47 Hussar
63:56 Town Patrol
65:54 Leather Archer Armor
71:30 Murder Holes
71:16 Treadmill Crane
71:46 Masonry
75:56 Two-Man Saw
76:40 Elite Skirmisher
77:47 Man-at-Arms
78:15 Elite Steppe Lancer
79:22 Guilds
jorge7289
11:12 Feudal Age
9:28 Loom
11:58 Double-Bit Axe
13:36 Horse Collar
20:34 Castle Age
20:19 Gold Mining
20:21 Stone Mining
20:54 Crossbowman
22:34 Bow Saw
24:50 Ballistics
24:25 Fletching
24:39 Padded Archer Armor
24:29 Fletching
25:43 Thumb Ring
26:07 Heavy Plow
27:04 Wheelbarrow
27:11 Gold Shaft Mining
27:49 Bodkin Arrow
32:33 Leather Archer Armor
37:20 Imperial Age
35:50 Bimaristan
38:36 Conscription
40:20 Two-Man Saw
40:00 Arbalester
44:43 Bracer
46:43 Elite Mameluke
49:26 Chemistry
49:02 Counterweights
49:13 Counterweights
51:10 Ring Archer Armor
51:49 Elite Skirmisher
63:02 Caravan
65:47 Scale Barding Armor
65:52 Forging
69:00 Iron Casting
76:54 Bloodlines
76:06 Light Cavalry
77:24 Husbandry
77:36 Hussar
81:08 Heavy Camel Rider
84:05 Heavy Camel Rider
javiersanchez.11.04
7:49 Loom
10:03 Feudal Age
21:37 Castle Age
23:27 Husbandry
22:48 Cavalier
23:30 Double-Bit Axe
23:41 Gold Mining
37:32 Imperial Age
38:45 Forging
38:41 Scale Barding Armor
40:26 Wheelbarrow
40:35 Paladin
44:32 Chemistry
54:23 Chain Barding Armor
54:39 Iron Casting
61:25 Elite Skirmisher
69:23 Fletching
69:33 Padded Archer Armor
71:45 Bodkin Arrow
72:05 Leather Archer Armor
Rodent Born Out of Wedlock
3:37 Loom
10:47 Feudal Age
15:42 Castle Age
14:36 Double-Bit Axe
18:25 Wheelbarrow
20:36 Horse Collar
23:11 Gold Mining
25:50 Bloodlines
26:11 Husbandry
27:16 Forging
27:12 Scale Barding Armor
28:26 Stone Mining
29:26 Scale Mail Armor
30:40 Grand Trunk Road
33:23 Hand Cart
33:15 Fletching
33:46 Chain Barding Armor
34:08 Gold Shaft Mining
33:44 Heavy Plow
40:09 Imperial Age
39:48 Light Cavalry
41:27 Padded Archer Armor
41:23 Bodkin Arrow
43:18 Chemistry
42:32 Siege Engineers
42:09 Heavy Camel Rider
43:37 Plate Barding Armor
44:04 Conscription
44:35 Shatagni
45:53 Imperial Camel Rider
54:07 Stone Shaft Mining
57:55 Bow Saw
63:44 Caravan
64:07 Leather Archer Armor
74:27 Iron Casting
82:23 Blast Furnace
81:55 Ring Archer Armor
Chicken_Naijeeri
10:57 Feudal Age
11:57 Loom
15:53 Castle Age
14:39 Double-Bit Axe
18:37 Horse Collar
22:49 Wheelbarrow
24:06 Heavy Plow
29:41 Fletching
30:15 Stone Mining
30:16 Gold Mining
30:45 Hand Cart
33:02 Bodkin Arrow
33:08 Padded Archer Armor
33:26 Fortified Wall
34:20 Stone Shaft Mining
34:56 Bow Saw
38:45 Imperial Age
36:34 Leather Archer Armor
36:17 Town Watch
37:34 Thumb Ring
41:06 Two-Man Saw
40:28 Ballistics
41:10 Chemistry
39:56 Capped Ram
41:05 Paper Money
40:52 Bracer
41:22 Ring Archer Armor
40:53 Scale Mail Armor
41:52 Onager
43:38 Chain Mail Armor
44:10 Town Patrol
45:06 Plate Mail Armor
46:36 Pikeman
47:17 Squires
47:29 Forging
48:35 Elite Skirmisher
48:51 Halberdier
49:55 Caravan
50:36 Iron Casting
51:14 Masonry
54:13 Imperial Skirmisher
60:38 Siege Engineers
66:58 Murder Holes
77:19 Man-at-Arms
77:47 Arson
79:23 Long Swordsman
82:53 Hoardings
83:43 Two-Handed Swordsman
john3206
11:33 Feudal Age
9:51 Loom
16:47 Castle Age
15:02 Double-Bit Axe
27:25 Bloodlines
28:43 Pikeman
30:09 Wheelbarrow
30:57 Horse Collar
31:08 Town Watch
32:11 Husbandry
32:27 Gold Mining
33:29 Fortified Wall
37:18 Imperial Age
36:21 Hand Cart
38:18 Bow Saw
38:22 Light Cavalry
38:24 Cavalier
39:10 Szlachta Privileges
39:26 Conscription
39:59 Heavy Plow
39:44 Winged Hussar
40:44 Forging
40:39 Scale Barding Armor
40:45 Scale Barding Armor
44:11 Chemistry
43:51 Iron Casting
43:37 Chain Barding Armor
43:07 Fletching
45:37 Lechitic Legacy
48:29 Caravan
48:59 Coinage
50:38 Blast Furnace
50:22 Bodkin Arrow
60:43 Siege Engineers
65:59 Onager
Connection lost

Rejoining the realm…

Still unreachable

The connection could not be restored.

Session expired

The server has moved on; the page needs a fresh start.